AoeStats
← Light Cav OP

Arabia

509526624Analyzed
1v1 RM · 4d ago on Sep 27, 2026· 27m 54s· 2 players
Game mode
Random Map
Map size
Tiny (2 player)
Population
200
Speed
Normal
Resources
Standard
Victory
Conquest
Starting age
Dark Age
Ending age
Imperial Age
RankedLock teamsTeams togetherTeam positionsShared explorationLock speedFull tech treeHidden civsTurbo modeCheats
Victory
Defeat
🇩🇪 Cumans · Germany
2061
+21
🇺🇸 Persians · United States
2170
-21
Tom Tucker
6:15 Loom
8:53 Feudal Age
10:35 Double-Bit Axe
19:13 Castle Age
18:30 Scale Barding Armor
24:48 Capped Ram
Light Cav OP
9:14 Loom
11:29 Feudal Age
15:37 Castle Age
13:47 Man-at-Arms
14:28 Double-Bit Axe
14:58 Arson
15:15 Gold Mining
15:08 Horse Collar
26:42 Pikeman
Connection lost

Rejoining the realm…

Still unreachable

The connection could not be restored.

Session expired

The server has moved on; the page needs a fresh start.